 Dungeon Crawl Stone Soup version 0.30.1-11-g7821555f0a (webtiles) character file.

Game seed: 14380572067634006776

147 lonewolfV2 the Trooper (level 5, -17/44 HPs)
             Began as a Formicid Fighter on Nov 17, 2023.
             Demolished by an ogre
             ... wielding a +0 giant spiked club
              (20 damage)
             ... on level 3 of the Dungeon.
             The game lasted 00:03:03 (2254 turns).

lonewolfV2 the Trooper (Formicid Fighter)           Turns: 2254, Time: 00:03:04

Health: -17/44     AC:  6    Str: 20    XL:     5   Next: 54%
Magic:  5/5        EV:  9    Int:  8    God:
Gold:   140        SH:  5    Dex: 15    Spells: 4/4 levels left

rFire   . . .        a - +0 war axe (venom)
rCold   . . .        c - +0 buckler
rNeg    . . .        b - +0 scale mail
rPois   .            (helmet unavailable)
rElec   .            (no cloak)
rCorr   .            (no gloves)
SInv    +            (no boots)
Will    .....        (no amulet) Stlth
                     (no ring)
HPRegen 0.27/turn    (no ring)
MPRegen 0.09/turn

%: no passive effects
@: no status effects
A: permanent stasis, dig shafts and tunnels, antennae 3, four strong arms
a: Dig, Shaft Self


You were on level 3 of the Dungeon.
You visited 1 branch of the dungeon, and saw 3 of its levels.

You collected 140 gold pieces.

Inventory:

Hand Weapons
 a - a +0 war axe of venom (weapon)
Armour
 b - a +0 scale mail (worn)
 c - a +0 buckler (worn)
Jewellery
 i - a +6 ring of dexterity
Scrolls
 k - 2 scrolls of identify {unknown}
 l - 2 scrolls of fog
Potions
 d - 5 potions of might
 e - a potion of attraction {unknown}
 f - 2 potions of curing {unknown}
 g - a potion of lignification {unknown}
 h - a potion of haste
 j - 2 potions of flight {unknown}


   Skills:
 + Level 5.0 Fighting
 + Level 4.0 Axes
 - Level 3.2 Armour
 - Level 4.0 Shields


You had 4 spell levels left.
You didn't know any spells.
Your spell library contained the following spells:

 Spells                   Type           Power      Damage    Failure   Level
 Slow                     Hex            0%         N/A       83%         1
 Confusing Touch          Hex            0%         N/A       99%         3
 Vampiric Draining        Necr           0%         2d6       99%         3


Dungeon Overview and Level Annotations

Branches:
Dungeon (3/15)

Altars:
Kikubaaqudgha
Nemelex Xobeh


Innate Abilities, Weirdness & Mutations

You cannot be hasted, slowed, berserked, paralysed or teleported.
You can dig through walls and to a lower floor.
You have a pair of large antennae on your head. (SInv)
Your four strong arms can wield two-handed weapons with a shield.


Message History

Could not explore, unopened door.
As you open the door, it creaks loudly!
An ogre and 8 goblins come into view.
The ogre shouts!
The goblin shouts! x5
Found 8 large rocks.
You completely miss the goblin. You block the goblin's attack. x2
You barely miss the goblin. You hit the goblin.
You kill the goblin!
You barely miss the goblin. You slash the goblin!
You kill the goblin!
The goblin hits you but does no damage.
Your Axes skill increases to level 4!
You hit the goblin.
You kill the goblin!
You hit the goblin but do no damage. You barely miss the goblin.
The goblin barely misses you. x2
You barely miss the goblin. You completely miss the goblin.
The goblin hits you with a +0 dagger. The goblin hits you but does no damage.
You slash the goblin!
You kill the goblin!
You barely miss the goblin.
The goblin hits you but does no damage. x2
The ogre hits you with a +0 giant spiked club!!
You hit the ogre.
The ogre is poisoned.
The ogre is lightly wounded.
You barely miss the goblin. You block the goblin's attack.
You slash the ogre!
The ogre is heavily wounded.
You closely miss the goblin. The ogre barely misses you.
You block the goblin's attack.
You hit the ogre but do no damage.
The ogre looks as sick as possible!
The ogre is heavily wounded.
You closely miss the goblin. You block the goblin's attack.
The ogre hits you with a +0 giant spiked club!!
* * * LOW HITPOINT WARNING * * *
The goblin hits you with a +0 dagger.
* * * LOW HITPOINT WARNING * * *
It was a potion of haste.
Your stasis prevents you from being hasted.
The ogre hits you with a +0 giant spiked club!!
You die...

♣..♣♣#####........###..........#
♣♣.♣.#####.....##.....###.####.##
#.............#######.........[.
###########.###### #.###.#####.
#.##(..# #.# #.##.... #.##..(#
#.# #^##.... #..#ggg #.# #.#.♣...
#####O# #.# #..♣♣♣.P #g@# ...
#..♣♣♣P. #.## ... #...P♣P. #.#
...{##...... #.# #...... ####.###
#...##. #......# #...... #.##.#.#
#..##.. #....#.# #......
#.####.##### ##.....


You could see an ogre (extremely poisoned) and 4 goblins.

Vanquished Creatures
  2 orc wizards (D:3)
  3 adders
  2 worms (D:3)
  2 dart slugs
  4 orcs
  An endoplasm (D:1)
  5 giant cockroaches
  8 goblins
  3 hobgoblins (D:1)
  3 quokkas
  5 ball pythons
  5 bats
  A frilled lizard (D:1)
  5 kobolds
  9 rats
58 creatures vanquished.

Notes
Turn   | Place    | Note
-------+----------+-------------------------------------------
     0 | D:1      | lonewolfV2 the Formicid Fighter began the quest for the
                  | Orb.
     0 | D:1      | Reached XP level 1. HP: 18/18 MP: 1/1
    85 | D:1      | Reached XP level 2. HP: 21/24 MP: 2/2
   469 | D:1      | Reached XP level 3. HP: 29/30 MP: 3/3
   789 | D:2      | Reached skill level 4 in Fighting
   968 | D:2      | Found a faded altar of an unknown god.
  1572 | D:3      | Found an ancient bone altar of Kikubaaqudgha.
  1586 | D:3      | Reached XP level 4. HP: 36/37 MP: 4/4
  1802 | D:3      | Reached XP level 5. HP: 29/43 MP: 5/5
  1857 | D:3      | Found a sparkling altar of Nemelex Xobeh.
  2030 | D:3      | Reached skill level 5 in Fighting
  2193 | D:3      | Identified the +0 dagger "Boqasem" {freeze, rPois rN+
                  | Int+3}
  2243 | D:3      | Noticed an ogre
  2253 | D:3      | HP: 2/44 [goblin/+0 dagger (2)]
  2254 | D:3      | Demolished by an ogre

Illustrated notes

Levels and vault maps discovered:
D:1:      spicycebolla_green_bress_n_ham_2, layout_basic, minmay_pentomino_t2
D:2:      layout_basic, hellmonk_ecumenical_altar_blasted, item_on_display_a
D:3:      layout_loops_cross, nicolae_kikubaaqudgha_miasma_corner,
          old_standard_altar, serial_forest, infiniplex_forest_zigzag_1,
          infiniplex_forest_lined_2, infiniplex_forest_zigzag_1,
          infiniplex_forest_lined_room_, infiniplex_forest_clump_small,
          infiniplex_forest_corner_1, infiniplex_forest_lined_ring,
          infiniplex_forest_straight_1, grunt_ministairs_1, minmay_ogre_servants

Skill      XL: |  1  2  3  4  5 |
---------------+----------------+-----
Fighting       | 4 5 |  5.0
Axes           | 3 4 |  4.0
Armour         | |  3.2
Shields        | |  4.0

Action                     |  1- 3 |  4- 6 || total
---------------------------+-------+-------++-------
  Melee: War axe           |    71 |    62 ||   133
    Use: Scroll            |     7 |       ||     7
         Potion            |       |     1 ||     1
 Armour: Scale mail        |    39 |    26 ||    65
  Dodge: Dodged            |    39 |    34 ||    73
  Block: Buckler           |    33 |    23 ||    56
